 Dungeon Crawl Stone Soup version 0.29.1-2-gbd0b4ee654 (webtiles) character file.

Game seed: 68760463063966446

170 safid the Shooter (level 5, -3/47 HPs)
             Began as a Minotaur Hunter on Oct 25, 2022.
             Was an Initiate of Okawaru.
             Succumbed to a water moccasin's poison
             ... on level 4 of the Dungeon.
             The game lasted 00:06:02 (3225 turns).

safid the Shooter (Minotaur Hunter)                 Turns: 3225, Time: 00:06:03

Health: -3/47      AC:  7    Str: 15    XL:     5   Next: 25%
Magic:  4/4        EV: 11    Int:  6    God:    Okawaru [......]
Gold:   186        SH:  0    Dex: 16    Spells: 2/4 levels left

rFire   + + .      SeeInvis .   a - +0 shortbow
rCold   + + .      Faith    .   (shield currently unavailable)
rNeg    . . .      Spirit   .   f - +0 ring mail
rPois   +          Reflect  .   u - +1 hat
rElec   +          Harm     .   (no cloak)
rCorr   +          Rampage  .   b - +0 pair of gloves
Will    .....                   (no boots)
Stlth   +.........              (no amulet)
HPRegen 0.15/turn               e - ring of protection from fire
MPRegen 0.09/turn               n - ring of protection from cold

@: brilliant, lethally poisoned (-3 -> -34), resistant, hasted, very quick
A: horns 2, retaliatory headbutt
a: Renounce Religion


You were on level 4 of the Dungeon.
You worshipped Okawaru.
Okawaru was noncommittal.
You visited 1 branch of the dungeon, and saw 5 of its levels.

You collected 186 gold pieces.

Inventory:

Hand Weapons
 a - a +0 shortbow (weapon)
Armour
 b - a +0 pair of gloves (worn)
 f - a +0 ring mail (worn)
 u - a +1 hat (worn)
Jewellery
 e - a ring of protection from fire (left hand)
 n - a ring of protection from cold (right hand)
 w - an amulet of reflection
Wands
 t - a wand of acid (12)
Scrolls
 d - 2 scrolls of identify {unknown}
 g - 3 scrolls of enchant weapon {unknown}
 h - a scroll of blinking {unknown}
 j - 2 scrolls of fog {unknown}
 o - 2 scrolls of teleportation {unknown}
Potions
 c - 2 potions of cancellation {unknown}
 i - 2 potions of brilliance
 k - 2 potions of heal wounds {unknown}
 l - a potion of mutation {unknown}
 m - a potion of resistance
 p - a potion of attraction {unknown}
 q - a potion of haste
 r - a potion of flight {unknown}
 s - 3 potions of curing {unknown}
 v - a potion of might {unknown}


   Skills:
 + Level 4.9 Fighting
 + Level 5.9 Ranged Weapons
 + Level 0.2 Armour
 + Level 2.2 Dodging
 - Level 0.7 Stealth
 + Level 0.1 Invocations


You had 2 spell levels left.
You knew the following spells:

 Your Spells              Type           Power      Damage    Failure   Level
a - Blink                 Tloc           0%         N/A       83%         2

Your spell library contained the following spells:

 Spells                   Type           Power      Damage    Failure   Level
 Foxfire                  Conj/Fire      0%         2x1d4     69%         1
 Poisonous Vapours        Pois/Air       0%         N/A       83%         2
 Gell's Gravitas          Tloc           0%         N/A       96%         3
 Lesser Beckoning         Tloc           0%         N/A       96%         3
 Mephitic Cloud           Conj/Pois/Air  0%         N/A       96%         3
 Portal Projectile        Hex/Tloc       0%         N/A       96%         3
 Teleport Other           Tloc           0%         N/A       96%         3
 Leda's Liquefaction      Hex/Erth       0%         N/A       100%        4
 Passage of Golubria      Tloc           0%         N/A       100%        4
 Sticky Flame             Conj/Fire      0%         2d3       100%        4
 Manifold Assault         Tloc           0%         N/A       100%        5
 Yara's Violent Unravell  Hex/Tmut       0%         3d3       100%        5
 Dispersal                Tloc           0%         N/A       100%        6
 Call Canine Familiar     Summ           Unusable   N/A       N/A         3
 Tukima's Dance           Hex            Unusable   N/A       N/A         3

Dungeon Overview and Level Annotations

Branches:
Dungeon (5/15)
 Temple: D:4-7

Altars:
Nemelex Xobeh
Okawaru

Annotations:
D:2 1 runed translucent door, Crazy Yiuf


Innate Abilities, Weirdness & Mutations

You have a pair of horns on your head.
You reflexively headbutt those who attack you in melee.


Message History

You shoot an arrow.
The arrow closely misses the water moccasin.
The water moccasin hisses angrily.
You shoot an arrow. The arrow hits the water moccasin.
The water moccasin is lightly wounded.
You shoot an arrow.
The arrow closely misses the water moccasin.
You shoot an arrow. The arrow misses the water moccasin.
The water moccasin bites you.
The water moccasin completely misses you.
You shoot an arrow. The arrow hits the water moccasin.
The water moccasin is lightly wounded.
The water moccasin bites you.
You are poisoned.
The water moccasin poisons you! The water moccasin bites you.
You shoot an arrow. The arrow hits the water moccasin.
The water moccasin is moderately wounded.
You feel very sick. The water moccasin barely misses you.
You are too injured to fight recklessly!
You are too injured to fight recklessly!
You are too injured to fight recklessly!
Unknown command.
It was a potion of brilliance.
You feel clever all of a sudden.
You feel very sick. The water moccasin bites you.
You are lethally poisoned!
The water moccasin poisons you! The water moccasin bites you.
* * * LOW HITPOINT WARNING * * *
You are more poisoned.
The water moccasin poisons you!
Unknown command.
It was a potion of resistance.
You feel protected.
* * * LOW HITPOINT WARNING * * *
You feel extremely sick.
The water moccasin bites you but does no damage.
It was a potion of haste.
You feel yourself speed up.
You die...

# #####.##### #........#
#####.........#### #.########
..............)..### #.#.......
#####.###..........# #.#.######
#####.###.###.##.#.#####.#.######
#.............##<#.............)>
#.###.#.#####.#...######...####..
#.###.#.# #........<.....# #..
......#.# #...@..#####.#.# #..
#.#####.# #...S..# #.#.####.. #.#
#.#####......#####.#....... #.#
#.....#...........(...#..## #.#
#####<...).........⌠.⌠#..# #.#
#.........(###.._....#
#.#########.#........####⌠.⌠#..#
#.........^.............##..#..#
###########.##.......##.##.....#


You could see a water moccasin.

Vanquished Creatures
  Robin (D:2)
  2 gnolls
  6 adders
  A worm (D:3)
  2 dart slugs
  An orc (D:3)
  7 endoplasms
  6 giant cockroaches
  8 goblins
  6 hobgoblins
  4 kobolds
  5 quokkas
  12 ball pythons
  7 bats
  3 frilled lizards
  2 rats
73 creatures vanquished.

Notes
Turn   | Place    | Note
-------+----------+-------------------------------------------
     0 | D:1      | safid the Minotaur Hunter began the quest for the Orb.
     0 | D:1      | Reached XP level 1. HP: 18/18 MP: 0/0
   275 | D:1      | Reached XP level 2. HP: 26/26 MP: 1/1
   348 | D:1      | Found a faded altar of an unknown god.
   602 | D:1      | Reached skill level 5 in Ranged Weapons
   602 | D:1      | Reached XP level 3. HP: 31/31 MP: 2/2
  1062 | D:2      | Noticed Robin
  1085 | D:2      | Killed Robin
  1086 | D:2      | Reached XP level 4. HP: 26/40 MP: 3/3
  1217 | D:2      | Found a runed translucent door.
  1218 | D:2      | Noticed Crazy Yiuf
  2306 | D:3      | Reached XP level 5. HP: 44/47 MP: 4/4
  2520 | D:4      | Found a sparkling altar of Nemelex Xobeh.
  2559 | D:4      | Got the Folio of Torrid Putrescence
  2583 | D:4      | Learned a level 2 spell: Blink
  2755 | D:4      | Found an iron altar of Okawaru.
  2760 | D:4      | Became a worshipper of Warmaster Okawaru
  3144 | D:5      | Entered Level 5 of the Dungeon
  3216 | D:4      | Noticed a water moccasin
  3224 | D:4      | HP: 2/47 [poisoned by a water moccasin]
  3225 | D:4      | Succumbed to a water moccasin's poison

Illustrated notes

Levels and vault maps discovered:
D:1:      amcnicky_arrival_single_pillar, layout_basic,
          hellmonk_ecumenical_altar_prayer_group
D:2:      layout_basic, uniq_crazy_yiuf_cottage, uniq_robin
D:3:      layout_rooms, serial_bayou, serial_bayou_pond_b,
          serial_bayou_lagoon_a, serial_bayou_pond_c, serial_bayou_crossing,
          minmay_puff
D:4:      layout_loops_ring, mainiacjoe_overflow_six_doors_small,
          nemelex_xobeh_ov_fountains_minmay
D:5:      layout_cave_pools, zin_angel, serial_column_ruins,
          column_ruins_grid_5, column_ruins_columns_corner, column_ruins_grid_4,
          column_ruins_grid_1, column_ruins_columns_straight,
          column_ruins_open_small, st_stairs_11

Skill      XL: |  1  2  3 |
---------------+----------+-----
Fighting       | 3 4 |  4.9
Ranged Weapons | 5 |  5.9
Armour         | |  0.2
Dodging        | |  2.2
Stealth        | |  0.7
Invocations    | |  0.1

Action                   |  1- 3 |  4- 6 || total
-------------------------+-------+-------++-------
 Fire: Shortbow          |   112 |   109 ||   221
  Use: Potion            |       |     3 ||     3
Armor: Ring mail         |    21 |    18 ||    39
Dodge: Dodged            |    38 |    31 ||    69
